 Dungeon Crawl Stone Soup version 0.27-a0-1200-g94dc6ad4cf (webtiles) character file.

Game seed: 10172712552759425466

839 bilbop the Covered (level 7, 0/62 HPs)
             Began as a Minotaur Fighter on May 31, 2021.
             Was a Follower of Okawaru.
             Succumbed to a water moccasin's poison
             ... on level 5 of the Dungeon.
             The game lasted 00:17:22 (4567 turns).

bilbop the Covered (Minotaur Fighter)               Turns: 4567, Time: 00:17:24

Health: 0/62       AC: 14    Str: 20    XL:     7   Next: 67%
Magic:  7/7        EV:  6    Int:  5    God:    Okawaru [*.....]
Gold:   128        SH: 10    Dex: 12    Spells: 6/6 levels left

rFire    . . .     SeeInvis .   a - +0 flail
rCold    . . .     Faith    .   c - +0 kite shield
rNeg     . . .     Spirit   .   s - +0 chain mail
rPois    .         Reflect  .   o - +1 hat
rElec    .         Harm     .   (no cloak)
rCorr    .         Rampage  .   j - +2 pair of gloves
Will     .....                  (no boots)
Stlth    ..........             t - amulet of magic regeneration
HPRegen  0.20/turn              (no ring)
MPRegen  0.35/turn              (no ring)

@: lethally poisoned (0 -> -3)
A: horns 2, retaliatory headbutt
a: Renounce Religion, Heroism


You were on level 5 of the Dungeon.
You worshipped Okawaru.
Okawaru was aware of your devotion.
You visited 1 branch of the dungeon, and saw 5 of its levels.

You collected 170 gold pieces.
You spent 42 gold pieces at shops.

Inventory:

Hand Weapons
 a - a +0 flail (weapon)
 b - a +0 hunting sling
Missiles
 v - 46 sling bullets
Armour
 c - a +0 kite shield (worn)
 j - a +2 pair of gloves (worn)
 o - a +1 hat (worn)
 s - a +0 chain mail (worn)
 u - a +0 scale mail
Jewellery
 t - an amulet of magic regeneration (around neck)
Scrolls
 f - a scroll of noise {unknown}
 i - 2 scrolls of vulnerability {unknown}
 m - a scroll of amnesia {unknown}
 w - a scroll of immolation {unknown}
 x - a scroll of teleportation {unknown}
Potions
 d - 3 potions of might
 e - 8 potions of curing
 g - 3 potions of attraction {unknown}
 h - 3 potions of ambrosia {unknown}
 k - a potion of heal wounds {unknown}
 l - a potion of flight {unknown}
 n - a potion of berserk rage {unknown}
 p - a potion of degeneration {unknown}
 q - a potion of lignification {unknown}
 r - a potion of resistance {unknown}


   Skills:
 + Level 5.9 Fighting
 + Level 5.2 Maces & Flails
 + Level 1.5 Slings
 + Level 6.1 Armour
 + Level 6.1 Shields
 + Level 2.3 Invocations


You had 6 spell levels left.
You didn't know any spells.
Your spell library contained the following spells:

 Spells                   Type           Power      Damage    Failure   Level
 Corona                   Hex            0%         N/A       100%        1
 Ensorcelled Hibernation  Hex/Ice        0%         N/A       100%        2
 Confusing Touch          Hex            0%         N/A       100%        3
 Dazzling Flash           Conj/Hex       0%         N/A       100%        3
 Tukima's Dance           Hex            0%         N/A       100%        3


Dungeon Overview and Level Annotations

Branches:
Dungeon (5/15)
 Temple: D:4-7

Altars:
Elyvilon
Okawaru

Shops:
D:2 !


Innate Abilities, Weirdness & Mutations

You have a pair of horns on your head.
You reflexively headbutt those who attack you in melee.


Message History

The water moccasin closely misses you.
You miss the water moccasin.
Your headbutt misses the water moccasin.
The water moccasin is heavily wounded.
The water moccasin bites you but does no damage.
You block the water moccasin's attack.
You miss the water moccasin.
The water moccasin is heavily wounded.
You block the water moccasin's attack. x2
You closely miss the water moccasin.
The water moccasin is heavily wounded.
You block the water moccasin's attack. The water moccasin bites you.
You are poisoned.
The water moccasin poisons you!
You barely miss the water moccasin.
The water moccasin is heavily wounded.
You feel very sick.
You block the water moccasin's attack. x2
You sock the water moccasin!
The water moccasin is almost dead.
You feel sick. The water moccasin barely misses you.
You barely miss the water moccasin.
The water moccasin is almost dead.
You feel very sick. You block the water moccasin's attack.
The water moccasin closely misses you.
You closely miss the water moccasin.
The water moccasin is almost dead.
You feel sick.
The water moccasin bites you but does no damage. x2
You closely miss the water moccasin.
Your headbutt misses the water moccasin.
The water moccasin is almost dead.
You feel sick. The water moccasin bites you.
* * * LOW HITPOINT WARNING * * *
The water moccasin bites you!
* * * LOW HITPOINT WARNING * * *
You hit the water moccasin.
You kill the water moccasin!
Okawaru accepts your kill.
You die...

.... .. ...###
...... #....
#..#.#####..##
#.... .......#
#....###.#...#
#............#
.......###.#.#.###
#.#............).#
.....=.###.###†@.#
#....<...........#
..##.#..........##
. ........###.##
#......... ..#
............#
............#
........!...#
....#


There were no monsters in sight!

Vanquished Creatures
  Prince Ribbit (D:5)
  Sigmund (D:2)
  A water moccasin (D:5)
  A howler monkey (D:5)
  2 orc priests (D:4)
  2 jellies
  A centaur skeleton (D:4)
  An iguana (D:5)
  A hound zombie (D:4)
  5 gnolls
  3 adders
  A white imp (D:4)
  An ufetubus (D:4)
  2 adder skeletons (D:4)
  2 worms (D:2)
  3 dart slugs
  17 orcs
  7 endoplasms
  A giant cockroach (D:3)
  15 goblins
  16 hobgoblins
  6 jackals
  11 kobolds
  5 quokkas
  7 ball pythons
  3 bats (D:1)
  2 frilled lizards
  5 rats
123 creatures vanquished.

Vanquished Creatures (others)
  A plant (D:4)
1 creature vanquished.

Grand Total: 124 creatures vanquished

Notes
Turn   | Place    | Note
-------+----------+-------------------------------------------
     0 | D:1      | bilbop the Minotaur Fighter began the quest for the Orb.
     0 | D:1      | Reached XP level 1. HP: 19/19 MP: 0/0
    12 | D:1      | Reached XP level 2. HP: 27/27 MP: 1/1
   273 | D:1      | Found a faded altar of an unknown god.
   326 | D:1      | Reached XP level 3. HP: 28/33 MP: 2/2
   635 | D:2      | Noticed Sigmund
   642 | D:2      | Killed Sigmund
   643 | D:2      | Reached XP level 4. HP: 34/41 MP: 3/3
   643 | D:2      | Reached XP level 5. HP: 39/47 MP: 4/4
   800 | D:2      | Reached skill level 5 in Shields
   866 | D:2      | Reached skill level 5 in Fighting
   866 | D:2      | Reached skill level 5 in Armour
  1201 | D:2      | Found Regrept's Distillery.
  1203 | D:2      | Bought a potion of curing for 42 gold pieces
  1464 | D:3      | Found a white marble altar of Elyvilon.
  1805 | D:3      | Found an iron altar of Okawaru.
  1894 | D:3      | Became a worshipper of Warmaster Okawaru
  2305 | D:4      | Reached XP level 6. HP: 31/56 MP: 5/5
  2748 | D:4      | Reached skill level 1 in Invocations
  4002 | D:4      | Reached XP level 7. HP: 58/61 MP: 7/7
  4217 | D:5      | Entered Level 5 of the Dungeon
  4244 | D:5      | Noticed Prince Ribbit
  4268 | D:5      | Killed Prince Ribbit
  4268 | D:5      | Reached * piety under Okawaru
  4269 | D:5      | Reached skill level 5 in Maces & Flails
  4269 | D:5      | Reached skill level 1 in Slings
  4566 | D:5      | HP: 1/62 [water moccasin (7)]
  4567 | D:5      | Succumbed to a water moccasin's poison

Illustrated notes

Levels and vault maps discovered:
D:1:      dpeg_arrival_three_smaller_balls, layout_basic, basic_ecumenical_altar
D:2:      layout_loops_ring, serial_shops, nicolae_shop_trees, uniq_sigmund
D:3:      layout_basic, okawaru_metal_pillars_1_2, elyvilon_altar_4
D:4:      corexii_shantytown, layout_basic, serial_corexii_hall,
          corexii_hall_statues_t, corexii_hall_statues_i
D:5:      layout_basic, lemuel_round_altar, nicolae_overflow_hidden_temple,
          amcnicky_altar_gilded, lemuel_round_altar, temple_pool_b,
          serial_corexii_hall, corexii_hall_statues_s, corexii_hall_statues_x,
          uniq_ijyb, uniq_prince_ribbit1, uniq_menkaure

Skill      XL: |  1  2  3  4  5  6  7 |
---------------+----------------------+-----
Fighting       | 4 5 |  5.9
Armour         | 4 5 6 |  6.1
Shields        | 4 5 6 |  6.1
Maces & Flails | 3 4 5 |  5.2
Invocations    | 1 2 |  2.3
Slings         | 1 |  1.5

Action                   |  1- 3 |  4- 6 |  7- 9 || total
-------------------------+-------+-------+-------++-------
Melee: Flail             |    47 |   229 |    55 ||   331
       Headbutt          |     5 |    31 |     9 ||    45
 Fire: Hunting sling     |       |       |     7 ||     7
Armor: Scale mail        |    14 |    54 |       ||    68
       Chain mail        |       |    85 |    31 ||   116
Dodge: Dodged            |    18 |    64 |    15 ||    97
Block: Kite shield       |    22 |   146 |    47 ||   215

Table legend: (Time is in decaauts)
 A = Elapsed time spent in this place.
 B = Non-inter-level travel time spent in this place.
 C = Inter-level travel time spent in this place.
 D = Time resting spent in this place.
 E = Time spent auto-exploring this place.
 F = Levels seen in this place.
 G = Mean time per level.
                   A        B        C        D        E       F      G
               +--------+--------+--------+--------+--------+-----+--------+
         Total |   4694 |   4271 |    423 |    623 |   2832 |   5 |  938.8 |
       Dungeon |   4694 |   4271 |    423 |    623 |   2832 |   5 |  938.8 |
               +--------+--------+--------+--------+--------+-----+--------+

Top non-repeatable levels by time:
     D:4: 1985 daAuts
     D:3: 902 daAuts
     D:2: 888 daAuts
     D:1: 667 daAuts
     D:5: 251 daAuts
